 Dungeon Crawl Stone Soup version 0.30-a0-377-g5cb311bc9f (webtiles) character file.

Game seed: 6607127612766754707

105 MackTheKnife the Sneak (level 4, -1/35 HPs)
             Began as a Demonspawn Delver on Nov 30, 2022.
             Was an Initiate of Okawaru.
             Slain by an orc priest
             ... wielding a +0 whip
              (3 damage)
             ... on level 4 of the Dungeon.
             The game lasted 00:05:08 (3483 turns).

MackTheKnife the Sneak (Demonspawn Delver)          Turns: 3483, Time: 00:05:09

Health: -1/35      AC:  6    Str: 13    XL:     4   Next: 54%
Magic:  4/4        EV: 12    Int: 11    God:    Okawaru [......]
Gold:   172        SH:  0    Dex: 16    Spells: 3/3 levels left

rFire   . . .      SeeInvis .    a - +0 falchion {long}
rCold   . . .      Faith    .    (no shield)
rNeg    . . .      Spirit   .    b - +0 leather armour
rPois   .          Reflect  .    (no helmet)
rElec   .          Harm     .    (no cloak)
rCorr   .          Rampage  .    (no gloves)
Will    .....                    (no boots)
Stlth   +++.......               E - amulet of the acrobat
HPRegen 0.25/turn                (no ring)
MPRegen 0.09/turn                (no ring)

@: no status effects
A: slimy green scales 2
a: Renounce Religion


You were on level 4 of the Dungeon.
You worshipped Okawaru.
Okawaru was noncommittal.
You visited 1 branch of the dungeon, and saw 6 of its levels.

You collected 172 gold pieces.


Innate Abilities, Weirdness & Mutations

You are mostly covered in slimy green scales. (AC +3)


   Skills:
 - Level 3.0 Fighting
 + Level 4.4 Long Blades
 - Level 1.7 Dodging
 - Level 4.5 Stealth


You had 3 spell levels left.
You didn't know any spells.
Your spell library contained the following spells:

 Spells                   Type           Power      Damage    Failure   Level
 Fireball                 Conj/Fire      0%         3d3       100%        5
 Iskenderun's Battlesphe  Conj           0%         2d6       100%        5
 Conjure Ball Lightning   Conj/Air       0%         3x3d6     100%        6
 Orb of Destruction       Conj           0%         9d5       100%        7

Inventory:

Hand Weapons
 a - a +0 falchion (weapon) {long}
Armour
 b - a +0 leather armour (worn)
 o - a +0 leather armour
   (You found it on level 2 of the Dungeon)
 s - a +0 robe
   (You found it on level 2 of the Dungeon)
 t - a +0 leather armour
   (You found it on level 2 of the Dungeon)
 u - a +0 chain mail
   (You found it on level 2 of the Dungeon)
 v - a +0 ring mail
   (You found it on level 2 of the Dungeon)
 x - a +0 leather armour
   (You found it on level 3 of the Dungeon)
 A - a +0 leather armour
   (You took it off an orc on level 3 of the Dungeon)
 B - a +0 ring mail
   (You found it on level 3 of the Dungeon)
 C - a +0 scale mail
   (You found it on level 3 of the Dungeon)
 D - a +0 leather armour
   (You found it on level 3 of the Dungeon)
 F - a +0 leather armour
   (You took it off an orc on level 3 of the Dungeon)
 G - a +0 chain mail
   (You took it off an orc on level 3 of the Dungeon)
 H - a +0 leather armour
   (You found it on level 3 of the Dungeon)
 I - a +0 ring mail
   (You found it on level 4 of the Dungeon)
Jewellery
 E - an amulet of the acrobat (around neck)
   (You found it on level 3 of the Dungeon)
Wands
 g - a wand of digging (3)
Scrolls
 c - a scroll of fog
 d - a scroll of blinking {unknown}
 e - a scroll of fear
 h - 2 scrolls of enchant armour {unknown}
 i - 3 scrolls of amnesia {unknown}
 j - a scroll of enchant weapon {unknown}
 k - 3 scrolls of identify {unknown}
 n - a scroll of immolation {unknown}
 w - 2 scrolls of teleportation {unknown}
 y - a scroll of magic mapping {!r}
Potions
 f - a potion of haste {@q3}
 l - 2 potions of mutation {unknown}
 m - 2 potions of ambrosia {unknown}
 p - a potion of heal wounds {unknown}
 q - 3 potions of curing {unknown}
 r - a potion of degeneration {unknown}
 z - a potion of resistance {unknown}

Dungeon Overview and Level Annotations

Branches:
Dungeon (6/15) Zot: 23768
 Temple: D:4-7

Altars:
Okawaru

Shops:
D:5 [

Annotations:
D:4 exclusions: black bear and scorpion

##.###.#.# *,...*,** #.....##
##.....#.# *,#.#*,* ##..#..#
##..####.# *,#.#*,* ##.##..
#..####.# *,...,,* #.###.
#.......# **#.#*** #.#.##
##.###### #.# ##.#..# #.# #w#
##..'... #.## ####o## ##...#..#
#..## #..@o.## ##....#.##
###...########......####.....###.
.......................'.....##..
###.>.#.#######.#...####.....#...
##.##.# #.##.## ##.......# ####.#
#.###### ##.....## #.# #......#
##...## #.# ######.# ##'## #.#
#.# #.#


You could see a worm, an orc priest and an orc.


Message History

You start waiting.
Done waiting.
You now have 166 gold pieces (gained 14).
q - 3 pink potions (gained 1) Key pressed, stopping explore.
A scorpion comes into view.
A scorpion is nearby!
Okay, then.
Okay, then.
Press: ? - help, . - travel You can't see that place. [the floor.] Placed new exclusion.
Key pressed, stopping explore.
You open the door.
A ball python comes into view.
A ball python is nearby!
There is an open door here.
The helpless ball python fails to defend itself.
You slash the ball python!
You kill the ball python!
Okawaru accepts your kill.
No target in view!
No target in view!
No target in view!
You now have 172 gold pieces (gained 6).
You see here a ball python corpse.
You open the door.
There is an open door here.
A black bear comes into view.
A black bear is nearby!
Press: ? - help, v - describe, . - travel
Here: a black bear (asleep)
The floor.
Placed new exclusion.
Key pressed, stopping explore.
An orc comes into view. It is wielding a +0 dagger.
The orc shouts!
An orc priest comes into view. It is wielding a +0 whip.
The orc completely misses you.
An orc comes into view.
It is wielding a +1 flail of protection.
The orc priest shouts!
The orc shouts!
You hit the orc. You slash the orc!
You kill the orc!
Okawaru accepts your kill.
You hit the orc priest.
A worm comes into view.
The orc priest hits you but does no damage.
You hit the orc priest but do no damage.
The orc priest mumbles some strange prayers to Beogh against you.
Beogh smites you! 😮 HP[-13]
You take 13 damage, and now have 22/35 hp.
MASSIVE DAMAGE!! (PAUSE)
You hit the orc priest but do no damage.
The orc priest hits you with a +0 whip.
* * * LOW HITPOINT WARNING * * *
😨 HP[-5]
You take 5 damage, and now have 17/35 hp.
You hit the orc priest. 😮 HP[+1] Unknown command.
You hit the orc priest. The orc priest completely misses you.
The orc hits you with a +1 flail of protection.
* * * LOW HITPOINT WARNING * * *
😨 HP[-1]
You take 1 damage, and now have 17/35 hp.
Unknown command.
You hit the orc priest. The orc priest misses you. The orc closely misses you.
Unknown command.
You barely miss the orc priest. The orc priest hits you with a +0 whip.
* * * LOW HITPOINT WARNING * * *
The orc hits you with a +1 flail of protection.
* * * LOW HITPOINT WARNING * * *
😨 HP[-5]
You take 5 damage, and now have 12/35 hp.
Unknown command.
You closely miss the orc priest.
The orc priest hits you but does no damage.
The orc barely misses you. 😨 HP[+1]
You hit the orc priest but do no damage.
The orc priest invokes the aid of Beogh against you.
Beogh smites you!
* * * LOW HITPOINT WARNING * * *
The orc barely misses you. 😱 HP[-11]
You take 11 damage, and now have 2/35 hp.
MASSIVE DAMAGE!! (PAUSE)
You hit the orc priest.
The orc priest miscasts a cantrip.
The orc hits you but does no damage.
The orc priest casts a cantrip, but nothing happens.
The orc hits you with a +1 flail of protection.
* * * LOW HITPOINT WARNING * * *
😱 HP[-1]
You take 1 damage, and now have 1/35 hp.
You barely miss the orc priest. The orc priest hits you with a +0 whip.
You die...

Skill      XL: |  1  2  3  4 |
---------------+-------------+-----
Long Blades    | 2 3 4 |  4.4
Fighting       | |  3.0
Dodging        | |  1.7
Stealth        | |  4.5

Action                   |  1- 3 |  4- 6 || total
-------------------------+-------+-------++-------
Melee: Falchion          |   118 |    72 ||   190
       Punch             |     4 |       ||     4
  Use: Scroll            |     1 |       ||     1
 Stab: Sleeping          |    13 |     1 ||    14
Armor: Leather armour    |    28 |    12 ||    40
Dodge: Dodged            |    60 |    32 ||    92

Levels and vault maps discovered:
D:1:      amcnicky_arrival_single_pillar, layout_basic
D:2:      layout_loops_corners, corexii_corridor_pit, serial_park_tiny_pond
D:3:      layout_rooms, minitemple, mrwooster_statue_mirror,
          hangedman_decor_points, minmay_misc_feat_secret_circle, st_stairs_6,
          kennysheep_generic_room_6
D:4:      layout_loops_corners, gup_ossuary_entry_pyramid
D:5:      layout_basic, temple_green, serial_shops, nicolae_stop_n_shop_1
D:6:      layout_loops_cross, ashenzari_conservatory_becter,
          nzn_hepliaklqana_mist_gate

Notes
Turn   | Place    | Note
-------+----------+-------------------------------------------
     0 | D:5      | MackTheKnife the Demonspawn Delver began the quest for the
                  | Orb.
     0 | D:5      | Reached XP level 1. HP: 18/18 MP: 1/1
     0 | D:5      | magus.rc [v1.9.6]
    16 | D:5      | Noticed a jelly
    48 | D:5      | Noticed an iguana
   118 | D:5      | Found Qushruhe's Armour Emporium.
   122 | D:5      | Noticed a phantom
   221 | D:3      | Reached skill level 2 in Long Blades
   438 | D:1      | Gained mutation: You are partially covered in slimy green
                  | scales. (AC +2) [demonic ancestry]
   438 | D:1      | Reached XP level 2. HP: 20/24 MP: 2/2
   496 | D:1      | You pick up a book of the Spheres and begin reading...
   496 | D:1      | You add the spells Iskenderun's Battlesphere, Fireball,
                  | Conjure Ball Lightning and Orb of Destruction to your
                  | library.
   772 | D:1      | Reached skill level 3 in Long Blades
  1410 | D:2      | Reached XP level 3. HP: 29/29 MP: 3/3
  2334 | D:3      | Gained mutation: You are mostly covered in slimy green
                  | scales. (AC +3) [demonic ancestry]
  2334 | D:3      | Reached XP level 4. HP: 32/35 MP: 4/4
  2570 | D:3      | Reached skill level 4 in Long Blades
  2705 | D:3      | Found an iron altar of Okawaru.
  2711 | D:3      | Became a worshipper of Warmaster Okawaru
  3363 | D:4      | Noticed a scorpion
  3431 | D:4      | Noticed a black bear
  3481 | D:4      | HP: 2/35 [orc priest/divine providence (11)]
  3483 | D:4      | Slain by an orc priest

Vanquished Creatures
  A mummy (D:4)
  3 adders
  A worm (D:2)
  6 orcs
  A bat (D:1)
  3 endoplasms (D:1)
  6 giant cockroaches
  3 hobgoblins
  3 jackals (D:4)
  2 quokkas (D:2)
  8 ball pythons
  3 frilled lizards
  9 goblins
  2 kobolds
  4 rats
55 creatures vanquished.

Table legend:
 A = Non-vault XP
 B = Vault XP
 C = Vault XP percentage of total XP
 D = Non-vault monster count
 E = Vault monster count
 F = Vault count percentage of total count
                 A         B        C        D         E       F
            +---------+---------+-------+---------+---------+-------
      Total |     132 |      19 |  12.6 |      51 |       4 |   7.3
            +---------+---------+-------+---------+---------+-------
        D:1 |      31 |       0 |   0.0 |      18 |       0 |   0.0
        D:2 |      41 |       0 |   0.0 |      15 |       0 |   0.0
        D:3 |      34 |       3 |   8.1 |      10 |       3 |  23.1
        D:4 |      26 |      16 |  38.1 |       8 |       1 |  11.1
            +---------+---------+-------+---------+---------+-------

Illustrated notes

Table legend:
 A = Kills in this place as a percentage of kills in entire the game.
 B = Kills by you in this place as a percentage of kills by you in the entire game.
 C = Kills by friends in this place as a percentage of kills by friends in the entire game.
 D = Other kills in this place as a percentage of other kills in the entire game.
 E = Experience gained in this place as a percentage of experience gained in the entire game.
 F = Experience gained in this place divided by the number of levels of this place that you have seen.
                   A       B       C       D       E      F
               +-------+-------+-------+-------+-------+----------------------
         Total | 100.0 | 100.0 |   N/A |   N/A | 100.0 |  25.2
       Dungeon | 100.0 | 100.0 |   N/A |   N/A | 100.0 |  25.2
               +-------+-------+-------+-------+-------+----------------------

Table legend: (Time is in decaauts)
 A = Elapsed time spent in this place.
 B = Non-inter-level travel time spent in this place.
 C = Inter-level travel time spent in this place.
 D = Time resting spent in this place.
 E = Time spent auto-exploring this place.
 F = Levels seen in this place.
 G = Mean time per level.
                   A        B        C        D        E       F      G
               +--------+--------+--------+--------+--------+-----+--------+
         Total |   3507 |   3371 |    136 |    405 |   2227 |   6 |  584.5 |
       Dungeon |   3507 |   3371 |    136 |    405 |   2227 |   6 |  584.5 |
               +--------+--------+--------+--------+--------+-----+--------+

Top non-repeatable levels by time:
     D:2: 1022 daAuts
     D:3: 848 daAuts
     D:1: 840 daAuts
     D:4: 670 daAuts
     D:5: 108 daAuts
     D:6: 16 daAuts
